[Event "Titled Tuesday Blitz November 15 Late 2022"]
[White "Gonzalez, Francisco Silva"]
[Black "Mirzoev, Azer"]
[WhiteFideId "1512285"]
[BlackFideId "13400304"]
[WhiteElo "2159"]
[BlackElo "2525"]
[Result "0-1"]
[Round "04"]
[TimeControl "180+1"]
[Date "2022.11.16"]
[WhiteClock "0:00:13"]
[BlackClock "0:00:10"]

1. d4 d5 2. c4 e6 3. Nc3 c6 4. e3 f5 5. Qc2 Nf6 6. Bd3 Bd6 7. Nge2 O-O 8. f3 Na6 9. a3 Nc7 10. O-O Kh8 11. Bd2 dxc4 12. Bxc4 e5 13. Ba2 exd4 14. Nxd4 Nh5 15. Be1 Qe7 16. Bf2 Bd7 17. Rae1 Rae8 18. Re2 Qe5 19. g3 c5 20. f4 Qe7 21. Nb3 Nf6 22. Rd1 Bc8 23. Red2 Rd8 24. Na5 Ng4 25. Nc4 Rf6 26. h3 Nxf2 27. Kxf2 b5 28. Nxd6 Rfxd6 29. Rxd6 Rxd6 30. Rxd6 Qxd6 31. Qd1 Qxd1 32. Nxd1 g6 33. Nc3 Kg7 34. Nd5 Nxd5 35. Bxd5 a5 36. Ke2 Kf6 37. Kd3 Ke7 38. Bc6 Ba6 39. Kc3 b4+ 40. Kd2 Kd6 41. Be8 Bc8 42. Bb5 Be6 43. Kd3 Bd5 44. g4 Bg2 45. gxf5 gxf5 46. Be8 Bf1+ 47. Kd2 Bxh3 48. axb4 cxb4 49. Kd3 Bg2 50. Kd4 h6 51. Bg6 Bh3 52. Be8 Bg4 53. e4 fxe4 54. Kxe4 Bd7 55. Bf7 Be6 56. Be8 Bd7 57. Bf7 a4 58. f5 a3 59. bxa3 bxa3 60. Bb3 Bc6+ 61. Kd4 Ba4 62. Ba2 h5 63. Ke4 Be8 64. Kf4 Ke7 65. Kg5 Bf7 66. f6+ Kf8 67. Bb1 Ke8 68. Kh4 Kd8 69. Kg5 Kd7 70. Kf5 Kd6 71. Kg5 Ke5 72. Bg6 a2 73. Bxf7 a1=Q 74. Bxh5 Qg1+ 75. Kh4 Kxf6 76. Kh3 Qg5 77. Bg4 Ke5 78. Kg3 Kd4 79. Kf3 Kc3 80. Bh3 Kd2 81. Bf1 Qe3+ 82. Kg2 Ke1 83. Bb5 Qg5+ 84. Kh1 Qxb5 85. Kg2 Qf5 86. Kh1 Kf2 0-1


[Site "https://www.chess.com"]

[Event "Titled Tuesday Blitz November 15 Late 2022"]
[White "Goroshkov, Maksym"]
[Black "Freile Martin, Javier"]
[WhiteFideId "14142716"]
[BlackFideId "3600165"]
[WhiteElo "2257"]
[BlackElo "2332"]
[Result "1-0"]
[Round "04"]
[TimeControl "180+1"]
[Date "2022.11.16"]
[WhiteClock "0:01:00"]
[BlackClock "0:00:32"]

1. e4 c5 2. d4 cxd4 3. c3 d3 4. Bxd3 d6 5. Bc4 Nf6 6. e5 d5 7. Bb5+ Bd7 8. Be2 Ng8 9. Qxd5 e6 10. Qd1 Qc7 11. Nf3 Bc6 12. O-O Nd7 13. Bf4 Ne7 14. Na3 a6 15. Nc4 Ng6 16. Bg3 Bxf3 17. gxf3 Ndxe5 18. Nxe5 Nxe5 19. f4 Nc6 20. f5 e5 21. Bc4 Be7 22. Qh5 O-O 23. Rad1 Bf6 24. Bd5 Rad8 25. Bh4 Qe7 26. Bg3 Rd6 27. Rfe1 Rfd8 28. c4 Nd4 29. Rxd4 b5 30. b3 bxc4 31. bxc4 Qa7 32. Bxe5 Bxe5 33. Rxe5 Qxd4 34. Qxf7+ Kh8 35. Re8+ Rxe8 36. Qxe8# 1-0


[Site "https://www.chess.com"]

[Event "Titled Tuesday Blitz November 15 Late 2022"]
[White "Goryachkina, Aleksandra"]
[Black "Clawitter, Craig"]
[WhiteFideId "4147103"]
[BlackFideId "2023105"]
[WhiteElo "2484"]
[BlackElo "2239"]
[Result "1-0"]
[Round "04"]
[TimeControl "180+1"]
[Date "2022.11.16"]
[WhiteClock "0:00:21"]
[BlackClock "0:01:01"]

1. e4 e6 2. d4 d5 3. Nc3 Bb4 4. Ne2 dxe4 5. a3 Be7 6. Nxe4 Nf6 7. Nxf6+ Bxf6 8. Be3 Nc6 9. Qd2 O-O 10. O-O-O e5 11. d5 Ne7 12. Ng3 Nf5 13. Nxf5 Bxf5 14. f3 e4 15. g4 Bg6 16. f4 h5 17. f5 Bh7 18. g5 Be5 19. Bh3 Qd6 20. Qg2 Bf4 21. Qf2 Bxe3+ 22. Qxe3 Qe5 23. Rhf1 Rad8 24. Rf4 Rxd5 25. Rxd5 Qxd5 26. Qxe4 Rd8 27. Qxd5 Rxd5 28. g6 fxg6 29. fxg6 1-0


[Site "https://www.chess.com"]

[Event "Titled Tuesday Blitz November 15 Late 2022"]
[White "Grigorov, Grigor"]
[Black "Xiong, Jeffery"]
[WhiteFideId "2907313"]
[BlackFideId "2047640"]
[WhiteElo "2510"]
[BlackElo "2725"]
[Result "1/2-1/2"]
[Round "04"]
[TimeControl "180+1"]
[Date "2022.11.15"]
[WhiteClock "0:00:24"]
[BlackClock "0:00:14"]

1. Nf3 c5 2. c4 Nf6 3. g3 d5 4. cxd5 Nxd5 5. Bg2 Nc6 6. d4 cxd4 7. Nxd4 Ndb4 8. Nxc6 Qxd1+ 9. Kxd1 Nxc6 10. Bxc6+ bxc6 11. Nc3 h5 12. h4 e5 13. Be3 Bf5 14. Rc1 Bb4 15. Ke1 Be6 16. a3 Be7 17. Na4 Bb3 18. Nc5 Bd5 19. f3 a5 20. Kf2 Rb8 21. Rc2 f6 22. Rhc1 Kf7 23. Nd3 Rb3 24. Bc5 Rhb8 25. Bxe7 Kxe7 26. Rc5 R8b5 27. a4 Rxc5 28. Rxc5 Kd6 29. Rxa5 Bc4 30. Ra7 Bxd3 31. exd3 Rxd3 32. Rxg7 Rd2+ 33. Ke3 Rxb2 34. g4 Rb3+ 35. Kf2 hxg4 36. fxg4 Rb4 37. h5 Rxa4 38. h6 Ra2+ 39. Kg3 Ra1 40. Kg2 Ra2+ 41. Kg3 Ra1 42. Kg2 Ra2+ 43. Kg3 1/2-1/2


[Site "https://www.chess.com"]

[Event "Titled Tuesday Blitz November 15 Late 2022"]
[White "Guz, Ari"]
[Black "Kaplan, Avi Harrison"]
[WhiteFideId "2825759"]
[BlackFideId "30934559"]
[WhiteElo "2205"]
[BlackElo "1983"]
[Result "1-0"]
[Round "04"]
[TimeControl "180+1"]
[Date "2022.11.16"]
[WhiteClock "0:00:18"]
[BlackClock "0:00:03"]

1. f4 c5 2. Nf3 g6 3. e3 Bg7 4. Be2 d6 5. O-O Nc6 6. d4 cxd4 7. exd4 Nf6 8. c4 O-O 9. Nc3 Re8 10. d5 Nb8 11. Be3 e5 12. fxe5 dxe5 13. h3 Nh5 14. Ng5 Ng3 15. Nxf7 Qe7 16. d6 Qh4 17. Rf2 Nf5 18. Bg5 Qd4 19. Nb5 Qxd1+ 20. Rxd1 Kxf7 21. Nc7 Nc6 22. g4 h6 23. Bc1 e4 24. gxf5 Bd4 25. Nxa8 gxf5 26. Nc7 Rg8+ 27. Kf1 Bxf2 28. Kxf2 Ne5 29. Bf4 Nc6 30. d7 Bxd7 31. Rxd7+ Kf6 32. Bh5 Rf8 33. Rd6+ Ke7 34. Nd5# 1-0


[Site "https://www.chess.com"]

[Event "Titled Tuesday Blitz November 15 Late 2022"]
[White "Guzman, Christopher"]
[Black "Gerbelli Neto, Eduardo"]
[WhiteFideId "6405096"]
[BlackFideId "2103281"]
[WhiteElo "2272"]
[BlackElo "2178"]
[Result "1-0"]
[Round "04"]
[TimeControl "180+1"]
[Date "2022.11.16"]
[WhiteClock "0:00:44"]
[BlackClock "0:00:03"]

1. e4 e5 2. Nf3 Nc6 3. Bb5 a6 4. Ba4 d6 5. c3 f5 6. exf5 Bxf5 7. d4 e4 8. Ng5 h6 9. Nh3 b5 10. Bb3 Nf6 11. Nf4 d5 12. Nd2 Na5 13. Nf1 Nxb3 14. axb3 Bd6 15. Ne3 Qd7 16. Nfxd5 O-O 17. Nxf5 Qxf5 18. Nxf6+ Rxf6 19. Be3 Qg6 20. g3 Qf5 21. Qe2 c6 22. b4 Bc7 23. h3 Qd5 24. Qg4 h5 25. Qe2 g6 26. Kd2 Rf3 27. Kc2 a5 28. bxa5 Rxa5 29. Rxa5 Bxa5 30. Ra1 Bc7 31. Ra7 Bd6 32. b3 Qf5 33. Ra6 Qd5 34. g4 Bf4 35. Bxf4 Rxf4 36. Qe3 Rf3 37. Qh6 Rxf2+ 38. Kc1 Rf1+ 39. Kc2 Rf2+ 40. Kc1 Rf1+ 41. Kb2 Rf2+ 42. Ka1 Rf1+ 43. Ka2 Rf2+ 44. Ka3 Qd6+ 45. b4 Rf8 46. Ra7 Rf7 47. Ra8+ Rf8 48. Rxf8+ Qxf8 49. Qxg6+ Qg7 50. Qxe4 Qa7+ 51. Kb2 hxg4 52. Qxg4+ Kf7 53. Qf3+ Ke6 54. Qxc6+ 1-0


[Site "https://www.chess.com"]

[Event "Titled Tuesday Blitz November 15 Late 2022"]
[White "Halvax, Georg"]
[Black "Naroditsky, Daniel"]
[WhiteFideId "1619543"]
[BlackFideId "2026961"]
[WhiteElo "2482"]
[BlackElo "2628"]
[Result "0-1"]
[Round "04"]
[TimeControl "180+1"]
[Date "2022.11.15"]
[WhiteClock "0:00:03"]
[BlackClock "0:00:17"]

1. d4 Nf6 2. c4 g6 3. Nc3 Bg7 4. e4 d6 5. Be2 O-O 6. Be3 Nc6 7. Nf3 Ng4 8. Bg5 h6 9. Bh4 g5 10. Bg3 e5 11. d5 Ne7 12. h4 Ng6 13. hxg5 hxg5 14. Qd2 Nf4 15. O-O-O Bd7 16. Kb1 Qf6 17. Ka1 a6 18. Bd3 b5 19. Nh2 Nxd3 20. Qxd3 Nxf2 21. Bxf2 Qxf2 22. Nf3 g4 23. Nh4 bxc4 24. Qxc4 Rab8 25. Rb1 Rb7 26. b3 Qd4 27. Rb2 Rb4 28. Qxc7 Bc8 29. Rd1 Qb6 30. Qxb6 Rxb6 31. Na4 Rb4 32. Re2 Bf6 33. g3 Bxh4 34. gxh4 f5 35. exf5 Bxf5 36. Nc3 Rf4 37. Rg1 Kh7 38. Re3 Rf3 39. Nd1 Kh6 40. Re2 Kh5 41. Rd2 Kxh4 42. Rh2+ Kg5 43. Nf2 g3 44. Rhg2 Kf4 45. Nd1 Bh3 46. Re2 g2 47. Kb2 Rf1 0-1


[Site "https://www.chess.com"]

[Event "Titled Tuesday Blitz November 15 Late 2022"]
[White "Hansen, Eric"]
[Black "Firouzja, Alireza"]
[WhiteFideId "2606771"]
[BlackFideId "12573981"]
[WhiteElo "2568"]
[BlackElo "2903"]
[Result "0-1"]
[Round "04"]
[TimeControl "180+1"]
[Date "2022.11.15"]
[WhiteClock "0:00:04"]
[BlackClock "0:00:10"]

1. e4 g6 2. d4 Bg7 3. Nf3 d6 4. Nc3 Nf6 5. h3 O-O 6. Be2 a6 7. O-O b5 8. e5 dxe5 9. dxe5 Nfd7 10. e6 fxe6 11. a4 b4 12. Ne4 Bb7 13. Bd3 Bd5 14. Re1 Nc6 15. a5 Nde5 16. Nxe5 Nxe5 17. Bf1 Bxe4 18. Qxd8 Raxd8 19. Rxe4 Rd1 20. f4 Nc6 21. Kf2 Nd4 22. Bxa6 Nxc2 23. Rb1 Ra8 24. Be2 Bd4+ 25. Kf3 Rg1 26. Rxe6 Bxb2 27. Bc4 Kf8 28. Rxb2 Rxc1 29. Re4 c5 30. a6 Nd4+ 31. Rxd4 cxd4 32. Rxb4 Re1 33. Kf2 Re3 34. Be2 Re4 35. Bf3 Rxf4 36. Kg3 Rxf3+ 37. Kxf3 Rxa6 38. Rxd4 Kf7 39. h4 h5 40. g4 Ra3+ 41. Kf4 Rh3 42. Kg5 Rg3 43. Rf4+ Kg7 44. Re4 Rxg4+ 45. Rxg4 hxg4 46. Kxg4 Kh6 47. Kg3 Kh5 48. Kh3 e5 49. Kg3 e4 50. Kf4 Kxh4 51. Kxe4 g5 52. Kf3 Kh3 53. Kf2 g4 54. Kg1 Kg3 55. Kh1 Kf2 56. Kh2 g3+ 57. Kh3 g2 0-1


[Site "https://www.chess.com"]

[Event "Titled Tuesday Blitz November 15 Late 2022"]
[White "Hansen, Sune Berg"]
[Black "Radovanovic, Dusan"]
[WhiteFideId "1400266"]
[BlackFideId "926868"]
[WhiteElo "2734"]
[BlackElo "2341"]
[Result "1-0"]
[Round "04"]
[TimeControl "180+1"]
[Date "2022.11.16"]
[WhiteClock "0:01:03"]
[BlackClock "0:00:34"]

1. e4 c5 2. Nf3 d6 3. g3 Nc6 4. Bg2 Nf6 5. d3 g6 6. O-O Bg7 7. Re1 O-O 8. c3 Bg4 9. h3 Bxf3 10. Qxf3 Nd7 11. a4 a6 12. Qe2 Qc7 13. Nd2 b5 14. Nf3 b4 15. Qc2 Rab8 16. Bg5 h6 17. Be3 Rfc8 18. Qd2 Kh7 19. d4 bxc3 20. bxc3 Qa5 21. Red1 Rb3 22. Rac1 Rcb8 23. e5 Rb2 24. Qd3 cxd4 25. cxd4 Qxa4 26. Rxc6 1-0


[Site "https://www.chess.com"]

[Event "Titled Tuesday Blitz November 15 Late 2022"]
[White "Harish, Neeraj"]
[Black "Forgacs, Attila Jr."]
[WhiteFideId "30958130"]
[BlackFideId "773654"]
[WhiteElo "1815"]
[BlackElo "2168"]
[Result "0-1"]
[Round "04"]
[TimeControl "180+1"]
[Date "2022.11.16"]
[WhiteClock "0:00:04"]
[BlackClock "0:00:25"]

1. e4 e5 2. Nf3 Nc6 3. Bc4 Nf6 4. d3 h6 5. O-O d6 6. c3 g5 7. Re1 Bg7 8. d4 g4 9. dxe5 gxf3 10. exf6 Qxf6 11. Qxf3 Qxf3 12. gxf3 Ne5 13. Be2 Rg8 14. Bf4 Bh3 15. Bg3 h5 16. f4 h4 17. fxe5 Bxe5 18. Bf1 Be6 19. Nd2 hxg3 20. hxg3 O-O-O 21. Nc4 Bf6 22. e5 dxe5 23. Nxe5 Rd2 24. Nc4 Bxc4 25. Bxc4 Rxb2 26. Bxf7 Rf8 27. Be6+ Kb8 28. f4 Bxc3 29. Red1 b5 30. Rac1 b4 31. f5 Rh8 32. Rd7 Bd2 33. Rcxc7 Be3+ 0-1


[Site "https://www.chess.com"]

[Event "Titled Tuesday Blitz November 15 Late 2022"]
[White "Harshal, Shahi"]
[Black "Dudzinski, Pawel"]
[WhiteFideId "5048257"]
[BlackFideId "1117890"]
[WhiteElo "2054"]
[BlackElo "2086"]
[Result "1/2-1/2"]
[Round "04"]
[TimeControl "180+1"]
[Date "2022.11.16"]
[WhiteClock "0:00:06"]
[BlackClock "0:00:03"]

1. e4 c6 2. d4 d5 3. exd5 cxd5 4. Nf3 Nf6 5. Bd3 g6 6. O-O Bg7 7. c3 O-O 8. Bf4 Bf5 9. h3 Nc6 10. Re1 a6 11. Qe2 Bxd3 12. Qxd3 b5 13. Nbd2 b4 14. Nb3 bxc3 15. bxc3 e6 16. Rab1 Nd7 17. Rec1 Na5 18. Nfd2 e5 19. dxe5 Nxe5 20. Qg3 Nxb3 21. Rxb3 Nc4 22. Rd1 Nxd2 23. Rxd2 Re8 24. Qf3 Re1+ 25. Kh2 Re4 26. Rb7 Qf6 27. Bg3 Qe6 28. Rdb2 Be5 29. R2b6 Qe8 30. Bxe5 Qxe5+ 31. g3 f5 32. Rd7 Rc8 33. Rbb7 Rxc3 34. Rg7+ Kf8 35. Rbf7+ Ke8 36. Re7+ Kf8 37. Rgf7+ Kg8 38. Rg7+ Kf8 39. Rgf7+ Kg8 40. Qd1 Qxe7 41. Rxe7 Rxe7 42. Qxd5+ Kf8 43. Qd8+ Kf7 44. Qd5+ Kf8 45. Qd8+ Kf7 46. Qd5+ Kf8 1/2-1/2


[Site "https://www.chess.com"]

[Event "Titled Tuesday Blitz November 15 Late 2022"]
[White "Harshavardhan G B"]
[Black "Santos Flores, Alberto"]
[WhiteFideId "25059009"]
[BlackFideId "3601234"]
[WhiteElo "2333"]
[BlackElo "2235"]
[Result "1-0"]
[Round "04"]
[TimeControl "180+1"]
[Date "2022.11.16"]
[WhiteClock "0:01:36"]
[BlackClock "0:00:23"]

1. d4 d5 2. c4 c6 3. Nf3 Nf6 4. Nc3 dxc4 5. a4 Bf5 6. Ne5 e6 7. f3 Bb4 8. Nxc4 O-O 9. Kf2 c5 10. Na2 Nc6 11. Nxb4 Nxb4 12. e4 Bg6 13. Be3 cxd4 14. Bxd4 Rc8 15. Rc1 Nc6 16. Be3 Qxd1 17. Rxd1 Rfd8 18. Be2 a6 19. Nd6 Rc7 20. Bb6 Rcd7 21. Bxd8 Rxd8 22. Nxb7 Rb8 23. Bxa6 Nb4 24. Bb5 h5 25. Rd8+ Rxd8 26. Nxd8 Kf8 27. Nc6 Nxc6 28. Bxc6 Ke7 29. a5 Kd6 30. Rc1 Kc7 31. b4 Ng8 32. b5 Ne7 33. b6+ Kb8 34. a6 Nxc6 35. Rxc6 e5 36. Rd6 Ka8 37. Rd8# 1-0


[Site "https://www.chess.com"]

[Event "Titled Tuesday Blitz November 15 Late 2022"]
[White "Haszon, David"]
[Black "Winkels, Marcel"]
[WhiteFideId "733610"]
[BlackFideId "1003887"]
[WhiteElo "2211"]
[BlackElo "1900"]
[Result "1-0"]
[Round "04"]
[TimeControl "180+1"]
[Date "2022.11.16"]
[WhiteClock "0:00:30"]
[BlackClock "0:00:07"]

1. e4 c5 2. c3 e6 3. d4 d5 4. e5 Nc6 5. Nf3 Bd7 6. Bd3 Nge7 7. O-O Ng6 8. a3 cxd4 9. cxd4 a5 10. Nc3 Be7 11. g3 O-O 12. h4 f6 13. h5 Nh8 14. Qc2 f5 15. Qb3 Rb8 16. Nxd5 exd5 17. Qxd5+ Nf7 18. e6 Be8 19. exf7+ Rxf7 20. Qxd8 Rxd8 21. Bc4 Nxd4 22. Nxd4 Rxd4 23. Bxf7+ Bxf7 24. h6 Bf6 25. hxg7 Bxg7 26. Be3 Rd7 27. Rad1 Rxd1 28. Rxd1 Bxb2 29. Rb1 Bxa3 30. Rxb7 Bb4 31. Bh6 Bd5 32. Rg7+ Kh8 33. Rd7 Bb3 34. Rd8+ Bg8 35. Ra8 Bc3 36. Kh2 Bb4 37. Kh3 Be1 38. f4 Bb4 39. Ra7 Bd5 40. Rd7 Be4 41. Rd8+ 1-0


[Site "https://www.chess.com"]

[Event "Titled Tuesday Blitz November 15 Late 2022"]
[White "Hristodoulou, Panagiotis"]
[Black "Avila Rodriguez, Joshua Ad"]
[WhiteFideId "4214340"]
[BlackFideId "5126444"]
[WhiteElo "2272"]
[BlackElo "2125"]
[Result "0-1"]
[Round "04"]
[TimeControl "180+1"]
[Date "2022.11.16"]
[WhiteClock "0:00:49"]
[BlackClock "0:00:05"]

1. d4 Nf6 2. Nf3 d5 3. Bg5 Ne4 4. Bf4 c5 5. e3 Qb6 6. Nc3 Nxc3 7. bxc3 e6 8. Be2 Nc6 9. O-O c4 10. e4 Be7 11. exd5 exd5 12. Re1 O-O 13. Ne5 Be6 14. Bf3 Nxe5 15. Bxe5 Rfe8 16. Qd2 Qa5 17. a4 Rad8 18. Reb1 Rd7 19. Rb5 Qd8 20. Rab1 Qc8 21. Qf4 f6 22. Bg4 Bxg4 23. Qxg4 fxe5 24. dxe5 Bd8 25. f4 Bb6+ 26. Kh1 Rf7 27. Qf3 Qf5 28. Rf1 d4 29. a5 Bc7 30. cxd4 b6 31. axb6 Bxb6 32. c3 Qd3 33. Qxd3 cxd3 34. g3 Rc8 35. Rb3 Rfc7 36. Rd1 Rxc3 37. Rxd3 Rxb3 38. Rxb3 Bxd4 39. Kg2 Ra8 40. Kf3 a5 41. Ke4 Bc5 42. Kd5 Bf8 43. f5 a4 44. Rb2 a3 45. Ra2 Ra5+ 46. Kd4 Kf7 47. g4 Be7 48. Ke4 h6 49. e6+ Kf6 50. h4 Ra4+ 51. Kf3 Bd6 52. Rd2 a2 53. Rxd6 a1=Q 54. g5+ hxg5 55. hxg5+ Kxg5 56. e7 Qa3+ 57. Rd3 Qxd3+ 58. Kf2 Ra2+ 59. Ke1 Qb1# 0-1


[Site "https://www.chess.com"]

[Event "Titled Tuesday Blitz November 15 Late 2022"]
[White "Huber, Benedikt"]
[Black "Al-Tarboush, Ward"]
[WhiteFideId "12923583"]
[BlackFideId "7601450"]
[WhiteElo "2199"]
[BlackElo "2273"]
[Result "0-1"]
[Round "04"]
[TimeControl "180+1"]
[Date "2022.11.16"]
[WhiteClock "0:00:12"]
[BlackClock "0:01:40"]

1. d4 Nf6 2. Bf4 g6 3. Nc3 Bg7 4. e4 c6 5. Qd2 b5 6. e5 Nh5 7. Bh6 d6 8. exd6 Qxd6 9. O-O-O Bxh6 10. Qxh6 Qf4+ 11. Qxf4 Nxf4 12. g3 Nh5 13. Bg2 a6 14. Nge2 O-O 15. Ne4 Be6 16. Nc5 Bd5 17. Bxd5 cxd5 18. g4 Nf6 19. g5 Nfd7 20. h4 e6 21. h5 Nxc5 22. dxc5 Nd7 23. Rh4 Rfc8 24. Rdh1 Kf8 25. hxg6 hxg6 26. Rf4 Ke7 27. Rh7 Ne5 28. Rf6 Rh8 29. Rxh8 Rxh8 30. Nd4 b4 31. Rf4 Rc8 32. Nb3 Nc4 33. Rh4 a5 34. Nd2 Nxd2 35. Kxd2 Rxc5 36. Rh8 Rc4 37. Ra8 Rg4 38. Ra7+ Kf8 39. Rxa5 Rxg5 40. Ra4 Rg4 41. a3 Rg2 42. Ke2 bxa3 43. Rxa3 Rg1 44. Rc3 Rb1 45. b3 g5 46. Rh3 Kg7 47. Rc3 f5 48. Rc8 Kf6 49. c4 Rxb3 50. cxd5 exd5 51. Rf8+ Ke5 52. Re8+ Kf4 53. Rc8 Rb2+ 54. Ke1 d4 55. Rd8 Ke4 56. Re8+ Kd3 57. Kf1 f4 58. Kg2 g4 59. Rf8 f3+ 60. Kg3 Kc2 61. Rc8+ Kd1 62. Rd8 Rd2 63. Kxg4 Ke2 64. Kg3 d3 65. Re8+ Kf1 66. Kxf3 Rxf2+ 67. Kg3 d2 68. Rd8 Ke1 0-1


[Site "https://www.chess.com"]

[Event "Titled Tuesday Blitz November 15 Late 2022"]
[White "Iliaguev, Nisim"]
[Black "Can, Melih Kaan"]
[WhiteFideId "2817276"]
[BlackFideId "6317383"]
[WhiteElo "2244"]
[BlackElo "2010"]
[Result "1-0"]
[Round "04"]
[TimeControl "180+1"]
[Date "2022.11.16"]
[WhiteClock "0:01:14"]
[BlackClock "0:00:06"]

1. d4 d5 2. Nf3 Nf6 3. g3 Bf5 4. Bg2 e6 5. O-O Be7 6. c4 O-O 7. Nc3 Ne4 8. Nd2 Nxd2 9. Bxd2 c6 10. Qb3 Qb6 11. Qxb6 axb6 12. a3 dxc4 13. e4 Bg6 14. d5 exd5 15. exd5 Bd3 16. Rfe1 Bf6 17. Bf4 Bxc3 18. bxc3 cxd5 19. Bxd5 Nc6 20. h4 Rfe8 21. Kg2 h5 22. Rxe8+ Rxe8 23. Be3 b5 24. Bf3 Be4 25. Bxe4 Rxe4 26. Rd1 Ne5 27. Rd8+ Kh7 28. Rd5 Ng4 29. Rxh5+ Kg8 30. Bd4 Re2 31. Kf3 1-0


[Site "https://www.chess.com"]

[Event "Titled Tuesday Blitz November 15 Late 2022"]
[White "Indjic, Aleksandar"]
[Black "Kobo, Ori"]
[WhiteFideId "911925"]
[BlackFideId "2812320"]
[WhiteElo "2592"]
[BlackElo "2447"]
[Result "1-0"]
[Round "04"]
[TimeControl "180+1"]
[Date "2022.11.15"]
[WhiteClock "0:00:04"]
[BlackClock "0:00:04"]

1. d4 Nf6 2. c4 e6 3. Nc3 Bb4 4. Qc2 d5 5. cxd5 exd5 6. Bg5 h6 7. Bh4 g5 8. Bg3 Nc6 9. e3 h5 10. Bd3 h4 11. Be5 Rh6 12. h3 Qe7 13. Bxf6 Rxf6 14. Ne2 Be6 15. a3 Bd6 16. Nb5 a6 17. Nxd6+ Qxd6 18. Nc3 O-O-O 19. O-O-O Kb8 20. Kb1 Rh6 21. Na4 Bc8 22. Nc5 Ka7 23. Rc1 Rg8 24. Qa4 Ne7 25. Rc3 g4 26. Rhc1 c6 27. Rb3 Qc7 28. Ka2 Rf6 29. Rc2 gxh3 30. gxh3 Rg2 31. f4 Rg3 32. Be2 Rxh3 33. Qb4 Rg3 34. Na4 Rg2 35. Nb6 h3 36. Bxa6 Rxc2 37. Bd3 Rxb2+ 38. Rxb2 Kb8 39. Qa5 Qd6 40. a4 h2 41. Rxh2 Rh6 42. Rb2 Rh3 43. Qa8+ Kc7 44. Qa5 Kb8 45. Qa8+ Kc7 46. Nxc8 Nxc8 47. Rxb7+ Kd8 48. Bf5 Rh2+ 49. Kb3 1-0


[Site "https://www.chess.com"]

[Event "Titled Tuesday Blitz November 15 Late 2022"]
[White "Jarmula, Lukasz"]
[Black "Reprintsev, Alexander"]
[WhiteFideId "1160664"]
[BlackFideId "14100541"]
[WhiteElo "2357"]
[BlackElo "2230"]
[Result "1-0"]
[Round "04"]
[TimeControl "180+1"]
[Date "2022.11.16"]
[WhiteClock "0:00:46"]
[BlackClock "0:00:53"]

1. b3 d5 2. Bb2 Bf5 3. d3 Nc6 4. Nd2 d4 5. g3 e5 6. Bg2 Bb4 7. Nf3 Nf6 8. O-O O-O 9. a3 Ba5 10. b4 Bb6 11. Nc4 e4 12. dxe4 Bxe4 13. b5 Bxf3 14. Bxf3 Na5 15. Nxa5 Bxa5 16. Qxd4 Qc8 17. Rad1 Bb6 18. Qf4 Ne8 19. Bg4 Qb8 20. Bd7 a6 21. Qg5 h6 22. Qg4 f5 23. Qg6 Nf6 24. Be6+ Kh8 25. Bxf5 Qe8 26. bxa6 Qxg6 27. Bxg6 Rxa6 28. e3 c6 29. h4 Bd8 30. h5 Nd5 31. c4 Nb6 32. c5 Nd5 33. e4 Bf6 34. exd5 Bxb2 35. d6 Bxa3 36. d7 Raa8 37. Rfe1 Bxc5 38. Re8 Bb6 39. Rd2 Rd8 40. Rde2 1-0


[Site "https://www.chess.com"]

[Event "Titled Tuesday Blitz November 15 Late 2022"]
[White "Jarocka, Liwia"]
[Black "Zhigalko, Sergei"]
[WhiteFideId "21807558"]
[BlackFideId "13502956"]
[WhiteElo "1989"]
[BlackElo "2662"]
[Result "0-1"]
[Round "04"]
[TimeControl "180+1"]
[Date "2022.11.15"]
[WhiteClock "0:01:16"]
[BlackClock "0:01:45"]

1. e4 c5 2. Nf3 Nc6 3. d4 cxd4 4. Nxd4 Nf6 5. Nc3 e5 6. Ndb5 d6 7. Bg5 a6 8. Na3 b5 9. Nd5 Be7 10. Bxf6 Bxf6 11. c4 b4 12. Nc2 O-O 13. g3 a5 14. Bg2 Bg5 15. h4 Bh6 16. O-O Be6 17. b3 Rb8 18. Nce3 g6 19. h5 Nd4 20. Nc2 Nxc2 21. Qxc2 Bxd5 22. cxd5 Rc8 23. Qe2 Rc3 24. hxg6 hxg6 25. Rfd1 Qb6 26. Bh3 Rxg3+ 27. Kh2 Rc3 28. Rd3 Rxd3 29. Qxd3 Qxf2+ 30. Kh1 Bf4 0-1


[Site "https://www.chess.com"]

[Event "Titled Tuesday Blitz November 15 Late 2022"]
[White "Jiang, Andrew"]
[Black "Barria Zuniga, Daniel"]
[WhiteFideId "30953510"]
[BlackFideId "3400816"]
[WhiteElo "1868"]
[BlackElo "2414"]
[Result "1-0"]
[Round "04"]
[TimeControl "180+1"]
[Date "2022.11.16"]
[WhiteClock "0:01:46"]
[BlackClock "0:01:18"]

1. e4 c5 2. Nf3 Nc6 3. d4 cxd4 4. Nxd4 e6 5. Nc3 Qc7 6. a3 a6 7. Nxc6 dxc6 8. Bd3 e5 9. O-O Nf6 10. Kh1 Be6 11. f4 Bd6 12. f5 Bd7 13. Bg5 b5 14. Ne2 h6 15. Bxf6 gxf6 16. Ng3 h5 17. Nxh5 Ke7 18. g4 Rag8 19. c4 Bc5 20. Qf3 Bd4 21. Rab1 c5 22. Rfc1 Bc6 23. b4 cxb4 24. cxb5 bxa3 25. Rxc6 Qa5 26. Rbc1 a2 27. Rc7+ Qxc7 28. Rxc7+ Kd8 29. Rc1 Rxh5 30. gxh5 Rg1+ 31. Rxg1 Bxg1 32. Qd1 Bd4 33. bxa6 Kc7 34. Qc2+ 1-0


[Site "https://www.chess.com"]

[Event "Titled Tuesday Blitz November 15 Late 2022"]
[White "Jobava, Baadur"]
[Black "Domingo Nunez, Alejandro"]
[WhiteFideId "13601520"]
[BlackFideId "22245561"]
[WhiteElo "2582"]
[BlackElo "2242"]
[Result "0-1"]
[Round "04"]
[TimeControl "180+1"]
[Date "2022.11.15"]
[WhiteClock "0:00:10"]
[BlackClock "0:00:03"]

1. d4 Nf6 2. Nc3 d5 3. Bf4 a6 4. e3 e6 5. a3 c5 6. h3 Nc6 7. Nf3 b5 8. Bd3 Bd6 9. dxc5 Bxc5 10. O-O O-O 11. e4 dxe4 12. Nxe4 Nxe4 13. Bxe4 Bb7 14. Bxh7+ Kxh7 15. Ng5+ Kg6 16. Qg4 f5 17. Qg3 Kf6 18. Rfe1 e5 19. Bxe5+ Nxe5 20. Rxe5 Bxf2+ 21. Qxf2 Kxg5 22. Rae1 Kg6 23. Re7 Qd5 24. Qg3+ Kh5 25. Rxg7 Qxg2+ 26. Qxg2 Bxg2 27. Kxg2 Rac8 28. c3 Rcd8 29. Re2 f4 30. Re5+ Kh6 31. Rg4 f3+ 32. Kf2 Rd2+ 33. Ke1 f2+ 34. Kxd2 f1=Q 35. Re6+ Kh5 36. Re5+ Rf5 37. Re6 Rf2+ 38. Ke3 Qe1+ 39. Kd4 Qxe6 0-1


[Site "https://www.chess.com"]

[Event "Titled Tuesday Blitz November 15 Late 2022"]
[White "Joubert, Dantelle"]
[Black "Toncheva, Nadya"]
[WhiteFideId "14310813"]
[BlackFideId "2924056"]
[WhiteElo "1507"]
[BlackElo "2101"]
[Result "0-1"]
[Round "04"]
[TimeControl "180+1"]
[Date "2022.11.16"]
[WhiteClock "0:00:09"]
[BlackClock "0:00:12"]

1. d4 d5 2. c4 dxc4 3. e3 Nf6 4. Bxc4 e6 5. Nf3 a6 6. O-O b5 7. Bb3 Bb7 8. Qe2 Nbd7 9. Rd1 c5 10. dxc5 Bxc5 11. Nbd2 O-O 12. Nf1 Qe7 13. Ng3 Rfd8 14. Bd2 Nb6 15. Ba5 Rxd1+ 16. Rxd1 Nbd5 17. a3 Rc8 18. Ne5 h6 19. Nd3 Ba7 20. e4 Nb6 21. Bb4 Qe8 22. Nc5 Ba8 23. Nxa6 Nc4 24. Bxc4 Rxc4 25. Bc3 Nxe4 26. Nxe4 Bxe4 27. Nb4 Qa8 28. Qf1 Kh7 29. Be5 h5 30. b3 Rc8 31. Kh1 Rd8 32. f3 Rxd1 33. Qxd1 Bg6 34. Qd4 Bxd4 35. Bxd4 Qxa3 0-1


[Site "https://www.chess.com"]

[Event "Titled Tuesday Blitz November 15 Late 2022"]
[White "Kaganskiy, Gleb"]
[Black "Wadsworth, Matthew J"]
[WhiteFideId "4132025"]
[BlackFideId "415804"]
[WhiteElo "2165"]
[BlackElo "2367"]
[Result "0-1"]
[Round "04"]
[TimeControl "180+1"]
[Date "2022.11.16"]
[WhiteClock "0:00:14"]
[BlackClock "0:01:15"]

1. e4 c5 2. Nf3 e6 3. g3 Nc6 4. Bg2 Nf6 5. d3 d5 6. Qe2 Be7 7. e5 Nd7 8. h4 b5 9. c4 bxc4 10. dxc4 Nb6 11. cxd5 exd5 12. O-O Bg4 13. Nc3 Nd4 14. Qd3 Bf5 15. Qa6 Nc2 16. Rb1 Nb4 17. Qb5+ Qd7 18. Qxd7+ Kxd7 19. Ra1 Rac8 20. a3 Nc2 21. Ra2 d4 22. Nb5 a6 23. Nd6 Bxd6 24. exd6 Be6 25. b3 Bxb3 26. Rb2 c4 27. Bf4 Na4 28. Ne5+ Ke6 29. Bh3+ f5 30. Rbb1 Nc3 0-1


[Site "https://www.chess.com"]